 Dungeon Crawl Stone Soup version 0.22.1-1-ga44c0e56f4 (webtiles) character file.

108818 Eralyen the Bludgeoner (level 16, -6/148 HPs)
             Began as a Gargoyle Berserker on Oct 4, 2018.
             Was a High Priest of Trog.
             Mangled by a merfolk impaler
             ... wielding a +2 trident of protection
              (15 damage)
             ... while paralysed by the power of Zot
             ... on level 2 of the Shoals.
             The game lasted 02:33:15 (25990 turns).

Eralyen the Bludgeoner (Gargoyle Berserker)        Turns: 25990, Time: 02:33:15

Health: -6/148     AC: 28    Str: 29    XL:     16   Next: 50%
Magic:  12/16      EV:  2    Int:  9    God:    Trog [*****.]
Gold:   879        SH:  0    Dex: 18    Spells: 15/15 levels left

rFire    . . .     SeeInvis .   a - +5 flail (vamp)
rCold    . . .     Gourm    .   R - +2 large shield of Dadghim {rElec Regen+}
rNeg     + + +     Faith    .   (armour currently unavailable)
rPois    ∞         Spirit   .   (helmet currently unavailable)
rElec    +         Reflect  +   (cloak currently unavailable)
rCorr    .         Harm     .   (gloves currently unavailable)
MR       +++..     NoTele   +   (boots currently unavailable)
Stlth    ++........             t - +3 amulet of reflection
HPRegen  1.74/turn              N - +4 ring of strength
MPRegen  0.15/turn              o - +3 ring of dexterity

@: paralysed, tree-form, regenerating, very slow
A: agile 1, frail 1, negative energy resistance 1, strong 1, petrification
resistance, rot immunity, AC +12
a: Berserk, Trog's Hand, Brothers in Arms, Renounce Religion


You were on level 2 of the Shoals.
You worshipped Trog.
Trog was extremely pleased with you.
You were very hungry.
You were a tree.
You visited 4 branches of the dungeon, and saw 23 of its levels.
You also visited: Labyrinth and Bailey.

You collected 1714 gold pieces.
You spent 835 gold pieces at shops.

Inventory:

Hand Weapons
 a - a +5 vampiric flail (weapon)
Armour
 b - the +4 ring mail of Eternity (melded) {SInv}
   (You took it off a merfolk on level 2 of the Shoals)

   It lets you see invisible.
 s - a cursed +0 pair of gloves (melded)
 v - the +2 hat of the Bear Spirit (melded) {Spirit, +Rage rN+ MR++}
   (You bought it in a shop on level 1 of the Shoals)

   It protects you from negative energy.
   It affects your resistance to hostile enchantments.
   It lets you go berserk.
 D - a +2 pair of boots (melded)
 R - the +2 large shield of Dadghim (worn) {rElec Regen+}
   (You took it off Louise on level 1 of the Snake Pit)

   It insulates you from electricity.
   It increases your rate of regeneration.
Jewellery
 g - a +4 ring of intelligence
 n - an uncursed ring of positive energy
 o - a +3 ring of dexterity (right branch)
 t - a +3 amulet of reflection (around neck)
 B - a +2 ring of dexterity
 L - an uncursed ring of ice
 N - a +4 ring of strength (left branch)
 Q - an uncursed ring of positive energy
 S - an uncursed ring of fire
Wands
 d - a wand of polymorph (18)
 u - a wand of paralysis (42)
 W - a wand of disintegration (15)
Scrolls
 e - 3 scrolls of teleportation
 f - 10 scrolls of remove curse
 j - a scroll of silence
 w - 3 scrolls of fear
 y - 5 scrolls of magic mapping
 A - a scroll of immolation
 C - 2 scrolls of brand weapon
 E - 4 scrolls of blinking
 F - 3 scrolls of holy word
 H - a scroll of identify
 K - a scroll of fog {unknown}
 Y - 4 scrolls of enchant armour
Potions
 h - 2 potions of ambrosia
 i - a potion of lignification
 k - 4 potions of cancellation
 l - a potion of magic {unknown}
 m - 11 potions of curing
 q - a potion of resistance {unknown}
 r - a potion of heal wounds
 x - 2 potions of degeneration {unknown}
 z - 4 potions of haste
 I - 3 potions of agility {unknown}
 O - 5 potions of might
 P - 2 potions of invisibility {unknown}
 V - 3 potions of berserk rage {unknown}
Miscellaneous
 G - a phantom mirror
 M - a phial of floods
 X - a lightning rod (4/4)
Comestibles
 c - 39 rations
 p - a chunk of flesh


   Skills:
 + Level 16.6 Fighting
 - Level 17.3 Maces & Flails
   Level 3.7 Bows
 + Level 14.0 Armour
 - Level 1.5 Dodging
 + Level 11.0 Shields
 - Level 1.0 Evocations


You had 15 spell levels left.
You didn't know any spells.
Your spell library was empty.

Dungeon Overview and Level Annotations

Branches:
Dungeon (13/15)            Temple (0/1) D:6            Lair (6/6) D:8
 Shoals (2/4) Lair:3        Snake (2/4) Lair:3        Slime (0/5) Lair:6
    Orc (0/2) D:12
 Vaults: D:13-14

Altars:
Ashenzari
Dithmenos
Elyvilon
Gozag
Hepliaklqana
Kikubaaqudgha
Makhleb
Okawaru
Wu Jian
Xom
Zin
The Shining One
Beogh
Jiyva

Shops:
D:11 [   D:13 (   Shoals:1 }[([=   Snake:1 }=}:

Annotations:
Shoals:2 3 runed doors, exclusion: 3 doors, riffraff's ghost, adept DsBe


Innate Abilities, Weirdness & Mutations

You are resistant to torment.
((Your stone body is resilient. (AC +12)))
You are immune to poison.
((Your large and strong wings let you fly indefinitely.))
You resist negative energy. (rN+)
((You are resistant to electric shocks. (rElec)))
((You can survive without breathing.))
You are immune to petrification.
You are immune to rotting.
((You are partially covered in thin metallic scales. (AC +2)))
You are agile. (Dex +2)
You are frail. (-10% HP)
Your muscles are strong. (Str +2)


Message History

The merfolk impaler completely misses you.
The hippogriff bites you but does no damage.
The hippogriff pecks you but does no damage.
The hippogriff claws you but does no damage.
The merfolk hits you from afar with a trident!
* * * LOW HITPOINT WARNING * * *
The merfolk siren hits you from afar with a spear.
* * * LOW HITPOINT WARNING * * *
The sea snake bites you but does no damage.
The merfolk impaler hits you from afar with a trident of protection!
* * * LOW HITPOINT WARNING * * *
You hear a loud "Zot"!
The merfolk avatar chants a haunting song.
You resist with some effort.
The hippogriff bites you but does no damage.
The hippogriff pecks you but does no damage.
The hippogriff claws you.
* * * LOW HITPOINT WARNING * * *
The merfolk impaler hits you from afar with a trident of protection!
You die...

≈≈≈≈≈≈≈≈≈≈.....(≈≈≈≈≈.
≈≈≈≈≈...........≈≈≈≈.#
≈≈≈≈............≈≈≈≈..
≈≈≈............≈≈≈≈≈≈≈
≈≈≈.....©.......≈≈[.≈≈
≈≈#############.≈≈..≈≈
##### #.≈≈≈≈≈≈
######### #≈≈≈≈≈≈≈
#♣mEE^..# ##...≈≈≈
#HSEk..^# ##..≈≈≈
##mmmm...# ##≈≈≈≈
#Ht##m##.^# #≈≈≈≈
#..H^^..^^..# ≈
#^.##^#^#.##^.# ≈ ##.
^^.^.^..## ≈ #.
#^#^#.#.# ^ .....#


You could see an alligator snapping turtle, a merfolk avatar, a merfolk impaler
(inner flame), a sea snake, a wind drake, 3 merfolk, 2 manticores, a hippogriff
(inner flame), 3 water elementals and a merfolk siren (inner flame).

Vanquished Creatures
  Kirke (Lair:4)
  Ilsuiw (Shoals:2)
  Louise (Snake:1)
  A minotaur (Lab)
  3 merfolk impalers
  Fannar (Lair:1)
  Harold (D:8)
  5 hydras
  Erica (D:8)
  3 anacondas
  7 naga warriors
  2 merfolk avatars
  4 centaur warriors (D:13)
  An alligator snapping turtle (Shoals:1)
  A satyr (Shoals:2)
  4 two-headed ogres
  3 merfolk aquamancers (Shoals:1)
  3 shock serpents (Snake:1)
  2 naga sharpshooters (Snake:1)
  Urug (D:13)
  16 sea snakes
  2 unseen horrors
  3 naga ritualists
  7 mana vipers
  7 fauns
  4 manticores
  4 salamanders
  3 ugly things
  3 cyclopes
  4 elephants
  3 centaur zombies
  3 merfolk sirens
  14 black mambas
  2 water nymphs
  A gargoyle (D:13)
  9 spiny frogs
  6 naga magi
  9 komodo dragons
  6 rime drakes
  3 trolls
  3 polar bears
  9 merfolk
  A wind drake (Shoals:1)
  Prince Ribbit (D:8)
  9 blink frogs
  Grinder (D:6)
  3 hornets
  14 dream sheep
  7 hippogriffs
  5 snapping turtles
  The ghost of Brecoman the Gusty, an amateur TeAE of Hepliaklqana (D:4)
  22 yaks
  A fire elemental (D:13)
  5 wyverns
  A vampire (D:12)
  A water elemental (Shoals:1)
  Eustachio (D:6)
  3 basilisks
  2 wraiths
  2 hogs (Lair:4)
  A steam dragon (Lair:4)
  A hungry ghost (D:9)
  Menkaure (D:5)
  14 nagas
  10 water moccasins
  An acid dragon (D:11)
  A hell hound (D:13)
  Duvessa (D:6)
  14 porcupines
  A swamp drake (Lair:4)
  2 sky beasts
  23 orc warriors
  3 phantoms
  3 necrophages
  An eye of draining (D:11)
  3 ice beasts
  10 ogres
  6 wolves (Lair:3)
  8 centaurs
  11 crocodiles
  A big kobold (D:9)
  19 bullfrogs
  Dowan (D:6)
  3 scorpions
  A water moccasin skeleton (D:8)
  11 killer bees
  5 wights (D:7)
  6 howler monkeys
  2 electric eels (Lair:5)
  7 crimson imps
  A bullfrog zombie (D:11)
  4 hounds
  A gnoll shaman (D:8)
  5 quasits
  6 jellies
  10 orc priests
  3 bullfrog skeletons
  5 iguanas
  Jessica (D:4)
  9 worker ants
  Terence (D:3)
  Natasha (thrice) (D:2)
  9 orc wizards
  A hound zombie (D:10)
  5 hound skeletons
  21 gnolls
  11 adders
  A shadow imp (D:11)
  6 oozes
  5 adder skeletons
  An adder zombie (D:7)
  A worm (D:6)
  3 dart slugs
  5 leopard geckos
  80 orcs
  10 bats
  3 giant cockroaches
  8 goblins
  6 hobgoblins
  8 jackals
  4 quokkas
  2 ball pythons
  A ball python skeleton (D:2)
  3 frilled lizards
  2 giant cockroach zombies (D:2)
  22 kobolds
  A leopard gecko skeleton (D:2)
  7 rats
693 creatures vanquished.

Vanquished Creatures (collateral kills)
  A naga warrior (Snake:2)
  4 anacondas (Snake:2)
  A shock serpent (Snake:2)
  A naga sharpshooter (Snake:2)
  A naga ritualist (Snake:2)
  3 elephants (Lair:4)
  7 black mambas (Snake:2)
  A guardian serpent (Snake:2)
  3 nagas (Snake:2)
22 creatures vanquished.

Vanquished Creatures (others)
  A naga sharpshooter (Snake:1)
  A faun (Shoals:1)
  A manticore (Shoals:1)
  A merfolk (Shoals:2)
  2 humans (Lair:4)
  A naga (Snake:2)
  18 fungi
  15 plants
40 creatures vanquished.

Grand Total: 755 creatures vanquished

Notes
Turn   | Place    | Note
-------+----------+-------------------------------------------
     0 | D:1      | Eralyen the Gargoyle Berserker began the quest for the Orb.
     0 | D:1      | Reached XP level 1. HP: 14/14 MP: 1/1
   487 | D:1      | Reached XP level 2. HP: 18/19 MP: 2/2
  1178 | D:2      | Reached XP level 3. HP: 17/24 MP: 3/3
  1400 | D:2      | Found a shadowy altar of Dithmenos.
  1401 | D:2      | Noticed Natasha
  1417 | D:2      | Killed Natasha
  1417 | D:2      | Reached skill level 4 in Maces & Flails
  1417 | D:2      | Reached XP level 4. HP: 23/29 MP: 4/4
  1476 | D:2      | Noticed Natasha
  1498 | D:2      | Killed Natasha
  1580 | D:2      | Noticed Natasha
  1724 | D:2      | Killed Natasha
  1733 | D:2      | Reached ** piety under Trog
  1733 | D:2      | Reached XP level 5. HP: 19/33 MP: 5/5
  2045 | D:2      | Found an ancient bone altar of Kikubaaqudgha.
  2399 | D:2      | Found a burning altar of Makhleb.
  2520 | D:3      | Reached skill level 5 in Maces & Flails
  2978 | D:3      | Noticed Terence
  3002 | D:3      | Killed Terence
  3089 | D:3      | Reached XP level 6. HP: 39/39 MP: 6/6
  3690 | D:4      | Noticed a phantom
  3875 | D:4      | Killed a phantom
  4018 | D:4      | Reached skill level 6 in Maces & Flails
  4018 | D:4      | Reached XP level 7. HP: 16/44 MP: 7/7
  4273 | D:4      | Reached skill level 5 in Fighting
  4336 | D:4      | Found an opulent altar of Gozag.
  4401 | D:4      | Found a glowing silver altar of Zin.
  4546 | D:4      | Noticed Jessica
  4609 | D:4      | Found a transporter.
  4618 | D:4      | Noticed Brecoman's ghost (amateur TeAE)
  4639 | D:4      | Found a transporter.
  5259 | D:5      | Entered Level 5 of the Dungeon
  5295 | D:5      | Reached skill level 5 in Armour
  5682 | D:5      | Reached skill level 7 in Maces & Flails
  5712 | D:5      | Reached XP level 8. HP: 26/50 MP: 8/8
  5984 | D:5      | Noticed Menkaure
  5996 | D:5      | Killed Menkaure
  6447 | D:5      | Found a hazy altar of Hepliaklqana.
  6616 | D:6      | Reached *** piety under Trog
  6683 | D:6      | Found a staircase to the Ecumenical Temple.
  6714 | D:6      | Reached skill level 8 in Maces & Flails
  6872 | D:6      | Found a shimmering altar of Xom.
  7051 | D:6      | Reached XP level 9. HP: 51/56 MP: 9/9
  7097 | D:6      | Reached skill level 9 in Maces & Flails
  7145 | D:6      | Noticed Grinder
  7145 | D:6      | Paralysed by Grinder for 4 turns
  7159 | D:6      | Killed Grinder
  7549 | D:6      | Noticed Eustachio
  7593 | D:6      | Killed Eustachio
  7681 | D:6      | Noticed Dowan
  7683 | D:6      | Noticed Duvessa
  7697 | D:6      | Killed Dowan
  7928 | D:6      | Killed Duvessa
  8103 | D:7      | Found a flagged portal.
  8107 | Bailey   | Entered a bailey
  8385 | Bailey   | Reached skill level 10 in Maces & Flails
  8408 | Bailey   | Gained mutation: You are agile. (Dex +2) [potion of
                  | mutation]
  8408 | Bailey   | Gained mutation: Your mind is acute. (Int +2) [potion of
                  | mutation]
  8408 | Bailey   | Gained mutation: You can translocate small distances at
                  | will. [potion of mutation]
  8408 | Bailey   | Gained mutation: You have an increased reservoir of magic.
                  | (+10% MP) [potion of mutation]
  8547 | Bailey   | Got a jewelled shortbow
  8548 | Bailey   | Identified the cursed +1 shortbow "Nahe" {venom, MR+ MP-9
                  | Dex+2 SInv} (You took it off an orc warrior in a bailey)
  8904 | D:7      | Found a glowing golden altar of the Shining One.
  8959 | D:7      | Reached XP level 10. HP: 63/63 MP: 11/11
  9406 | D:7      | Found an iron altar of Okawaru.
  9553 | D:7      | Reached skill level 11 in Maces & Flails
  9560 | D:7      | Reached skill level 1 in Evocations
  9624 | D:8      | Found a staircase to the Lair.
  9693 | D:8      | Found a white marble altar of Elyvilon.
  9780 | D:8      | Found a shattered altar of Ashenzari.
  9811 | D:8      | Noticed Harold
  9825 | D:8      | Killed Harold
  9825 | D:8      | Reached **** piety under Trog
  9906 | D:8      | Noticed Prince Ribbit
 10058 | D:8      | Reached skill level 1 in Bows
 10202 | D:8      | Reached skill level 12 in Maces & Flails
 10296 | D:8      | Killed Prince Ribbit
 10324 | D:8      | Noticed Erica
 10338 | D:8      | Killed Erica
 10338 | D:8      | Reached XP level 11. HP: 69/71 MP: 2/12
 10511 | D:8      | Found an ornate altar of the Wu Jian Council.
 11043 | D:9      | Reached ***** piety under Trog
 11350 | D:10     | Entered Level 10 of the Dungeon
 11358 | D:10     | Noticed an unseen horror
 11364 | D:10     | Killed an unseen horror
 11651 | D:10     | Reached skill level 13 in Maces & Flails
 12029 | D:10     | Noticed a two-headed ogre
 12043 | D:10     | Killed a two-headed ogre
 12125 | D:10     | Noticed a two-headed ogre
 12134 | D:10     | Killed a two-headed ogre
 12134 | D:10     | Reached skill level 10 in Fighting
 12427 | D:11     | Noticed a red ugly thing
 12440 | D:11     | Killed a red ugly thing
 12442 | D:11     | Received a gift from Trog
 12449 | D:11     | Got a shimmering dagger {god gift}
 12501 | D:11     | Found Toukla's Antique Armour Emporium.
 12523 | D:11     | Reached XP level 12. HP: 77/77 MP: 14/14
 12529 | D:11     | Bought a runed scarf for 288 gold pieces
 12799 | D:11     | Reached skill level 14 in Maces & Flails
 12834 | D:11     | Noticed a two-headed ogre
 12848 | D:11     | Killed a two-headed ogre
 13399 | D:12     | Got an ancient robe
 13410 | D:12     | Identified the +1 robe of Anarchy {-Cast rF+ Dex+5} (You
                  | found it on level 12 of the Dungeon)
 13461 | D:12     | Found a staircase to the Orcish Mines.
 13974 | D:12     | Reached skill level 10 in Armour
 14536 | D:13     | Noticed Urug
 14536 | D:13     | Noticed a centaur warrior
 14704 | D:13     | Received a gift from Trog
 14743 | D:13     | Killed Urug
 14845 | D:13     | Killed a centaur warrior
 14888 | D:13     | Noticed a two-headed ogre
 14895 | D:13     | Killed a two-headed ogre
 14931 | D:13     | Noticed a centaur warrior
 14943 | D:13     | Killed a centaur warrior
 14991 | D:13     | Found Iriat's Antique Weapon Shoppe.
 15023 | D:13     | Noticed a centaur warrior
 15039 | D:13     | Killed a centaur warrior
 15048 | D:13     | Reached XP level 13. HP: 74/86 MP: 15/15
 15106 | D:13     | Found a roughly hewn altar of Beogh.
 15293 | D:13     | Reached skill level 15 in Maces & Flails
 15756 | Lair:1   | Entered Level 1 of the Lair of Beasts
 16009 | Lair:1   | Noticed Fannar
 16029 | Lair:1   | Killed Fannar
 16880 | Lair:2   | Received a gift from Trog
 17306 | Lair:2   | Reached skill level 1 in Shields
 17690 | Lair:3   | Found a staircase to the Snake Pit.
 17723 | Lair:3   | Found a staircase to the Shoals.
 18207 | Lair:4   | Noticed Kirke
 18231 | Lair:4   | Killed Kirke
 18325 | Lair:4   | Reached ****** piety under Trog
 18325 | Lair:4   | Received a gift from Trog
 18328 | Lair:4   | Gained mutation: Your large and strong wings let you fly
                  | indefinitely. [Gargoyle growth]
 18328 | Lair:4   | Reached XP level 14. HP: 95/95 MP: 16/16
 18473 | Lair:4   | Received a gift from Trog
 18898 | Lair:4   | Lost mutation: You are agile. (Dex +2) [potion of mutation]
 18898 | Lair:4   | Lost mutation: You can translocate small distances at will.
                  | [potion of mutation]
 18898 | Lair:4   | Lost mutation: Your mind is acute. (Int +2) [potion of
                  | mutation]
 18898 | Lair:4   | Lost mutation: You have an increased reservoir of magic.
                  | (+10% MP) [potion of mutation]
 18898 | Lair:4   | Gained mutation: You evolve. [potion of mutation]
 18898 | Lair:4   | Gained mutation: Your muscles are strong. (Str +2) [potion
                  | of mutation]
 18899 | Lair:4   | Lost mutation: You evolve. [potion of mutation]
 18899 | Lair:4   | Lost mutation: Your muscles are strong. (Str +2) [potion of
                  | mutation]
 18899 | Lair:4   | Gained mutation: You are robust. (+10% HP) [potion of
                  | mutation]
 18899 | Lair:4   | Gained mutation: You expend magic power (3 MP) to
                  | strengthen your wands. [potion of mutation]
 19296 | Lair:5   | Found a labyrinth entrance.
 19305 | Lab      | Entered a labyrinth
 19426 | Lab      | Reached skill level 16 in Maces & Flails
 19433 | Lab      | Identified Idoxt's Reference Book on Mutagenic Clay
 19490 | Lair:5   | Received a gift from Trog
 20156 | Lair:6   | Entered Level 6 of the Lair of Beasts
 21306 | Lair:6   | Reached skill level 15 in Fighting
 21381 | Lair:6   | Found the +8 mithril axe "Arga" {speed, MR+}
 21392 | Lair:6   | Received a gift from Trog
 21530 | Lair:6   | Found a viscous altar of Jiyva.
 21530 | Lair:6   | Found a staircase to the Slime Pits.
 21843 | Snake:1  | Entered Level 1 of the Snake Pit
 21843 | Snake:1  | Found a shadowy altar of Dithmenos.
 22016 | Snake:1  | Reached XP level 15. HP: 108/113 MP: 0/15
 22227 | Snake:1  | Found Cerif's Book Boutique.
 22392 | Snake:1  | Found Wesoy's Gadget Shoppe.
 22392 | Snake:1  | Found Ecsur's Jewellery Shop.
 22393 | Snake:1  | Found Ohyneut's Gadget Shoppe.
 22646 | Snake:1  | Noticed Louise
 22697 | Snake:1  | Killed Louise
 22717 | Snake:1  | Got a scorched large shield
 22728 | Snake:1  | Identified the +2 large shield of Dadghim {rElec Regen+}
                  | (You took it off Louise on level 1 of the Snake Pit)
 22760 | Snake:1  | Lost mutation: You are robust. (+10% HP) [potion of
                  | mutation]
 22760 | Snake:1  | Lost mutation: You expend magic power (3 MP) to strengthen
                  | your wands. [potion of mutation]
 22760 | Snake:1  | Gained mutation: You are agile. (Dex +2) [potion of
                  | mutation]
 22760 | Snake:1  | Gained mutation: You are frail. (-10% HP) [potion of
                  | mutation]
 22760 | Snake:1  | Gained mutation: Your muscles are strong. (Str +2) [potion
                  | of mutation]
 22760 | Snake:1  | Gained mutation: You are partially covered in thin metallic
                  | scales. (AC +2) [potion of mutation]
 22840 | Snake:1  | Reached skill level 17 in Maces & Flails
 23037 | Snake:2  | Received a gift from Trog
 23049 | Snake:2  | Reached skill level 5 in Shields
 24046 | D:4      | Killed Jessica
 24102 | D:4      | Killed Brecoman's ghost
 24305 | Shoals:1 | Entered Level 1 of the Shoals
 24306 | Shoals:1 | Found Nuerusemo's Antique Weapon Shop.
 24362 | Shoals:1 | Found Zuoschyez's Jewellery Boutique.
 24521 | Shoals:1 | Reached XP level 16. HP: 92/99 MP: 14/16
 24937 | Shoals:1 | Reached skill level 10 in Shields
 24993 | Shoals:1 | Found Wel Walub's Armour Emporium.
 24999 | Shoals:1 | Bought the +2 hat of the Bear Spirit {Spirit, +Rage rN+
                  | MR++} for 547 gold pieces
 24999 | Shoals:1 | Found the +2 hat of the Bear Spirit {Spirit, +Rage rN+
                  | MR++}
 25074 | Shoals:1 | Found Jiskugoh's Gadget Shoppe.
 25141 | Shoals:1 | Found Kuorch's Antique Armour Shoppe.
 25174 | Shoals:1 | Received a gift from Trog
 25355 | Shoals:2 | Found a runed gate.
 25358 | Shoals:2 | Found a runed gate.
 25366 | Shoals:2 | Found a runed gate.
 25367 | Shoals:2 | Noticed riffraff's ghost (adept DsBe)
 25481 | Shoals:2 | Noticed Ilsuiw
 25640 | Shoals:2 | Killed Ilsuiw
 25660 | Shoals:2 | Got a bloodstained ring mail
 25666 | Shoals:2 | Identified the +4 ring mail of Eternity {SInv} (You took it
                  | off a merfolk on level 2 of the Shoals)
 25941 | Shoals:2 | Found a transporter.
 25967 | Shoals:2 | Paralysed by the power of Zot for 4 turns
 25987 | Shoals:2 | Paralysed by the power of Zot for 4 turns
 25990 | Shoals:2 | Mangled by a merfolk impaler

Skill      XL: |  1  2  3  4  5  6  7  8  9 10 11 12 13 14 15 16 |
---------------+-------------------------------------------------+-----
Fighting       | 4 5 6 7 9 10 12 13 15 16 | 16.6
Maces & Flails | 4 5 6 7 8 10 12 13 14 15 16 17 | 17.3
Armour         | 3 4 5 6 7 8 9 10 11 12 13 14 | 14.0
Evocations     | 1 |  1.0
Bows           | 1 2 3 |  3.7
Shields        | 3 4 8 11 | 11.0
Dodging        | |  1.5

Action                   |  1- 3 |  4- 6 |  7- 9 | 10-12 | 13-15 | 16-18 || total
-------------------------+-------+-------+-------+-------+-------+-------++-------
Melee: Mace              |    98 |   222 |   554 |    65 |       |       ||   939
       Flail             |       |       |       |   871 |  1552 |   446 ||  2869
 Fire: Shortbow          |       |       |       |    25 |       |       ||    25
Invok: Trog's Hand       |       |       |     8 |     4 |     8 |     4 ||    24
       Berserk           |       |       |     4 |     6 |     5 |     1 ||    16
       Brothers in Arms  |       |       |       |       |     5 |     1 ||     6
 Abil: Evoke Flight      |       |       |     4 |       |       |       ||     4
       Stop Flying       |       |       |     3 |       |     2 |       ||     5
       Blink             |       |       |       |     1 |       |       ||     1
       Fly               |       |       |       |       |     2 |       ||     2
Evoke: Lightning rod     |       |       |       |       |     1 |       ||     1
       Wand              |       |       |       |       |     1 |       ||     1
  Use: Scroll            |       |       |     6 |     3 |    28 |     2 ||    39
       Potion            |       |       |     2 |       |     5 |     1 ||     8
  Eat: Chunk             |     2 |     8 |    14 |    26 |    31 |     4 ||    85
       Ration            |       |       |     3 |     1 |     3 |     1 ||     8
Armor: Animal skin       |    21 |       |       |       |       |       ||    21
       Ring mail         |    27 |    47 |       |       |       |    20 ||    94
       Scale mail        |       |    52 |   313 |   421 |   640 |       ||  1426
       Chain mail        |       |       |       |       |   182 |   270 ||   452
       Skin              |       |       |       |       |     4 |    43 ||    47
Dodge: Dodged            |    71 |   112 |   330 |   358 |   491 |    72 ||  1434
Block: Buckler           |       |       |       |       |   239 |       ||   239
       Reflection        |       |       |       |       |    47 |    39 ||    86
       Large shield      |       |       |       |       |   421 |   658 ||  1079
